AoeStats
← Sylar

Arabia

503203718Analyzed
3v3 RM · 2mo ago on Aug 30, 2026· 51m 57s· 6 players
Game mode
Random Map
Map size
Normal (6 player)
Population
200
Speed
Normal
Resources
Standard
Victory
Conquest
Starting age
Dark Age
Ending age
Imperial Age
RankedLock teamsTeams togetherTeam positionsShared explorationLock speedFull tech treeHidden civsTurbo modeCheats
Victory
Defeat
🇧🇷 Lithuanians · Brazil
862
+12
🇲🇽 Teutons · Mexico
803
+15
🇲🇽 Mongols · Mexico
781
+16
vs
🇫🇷 Chinese · France
810
-16
🇫🇷 Franks · France
774
-14
🇫🇷 Bohemians · France
762
-14
orion.chevalier
7:04 Loom
9:32 Feudal Age
10:02 Double-Bit Axe
16:54 Castle Age
17:16 Fletching
17:19 Stone Mining
18:32 Gold Mining
20:19 Ballistics
20:01 Bodkin Arrow
29:34 Scale Barding Armor
30:53 Bow Saw
33:57 Chain Barding Armor
35:24 Bloodlines
40:40 Wheelbarrow
43:34 Imperial Age
41:41 Horse Collar
42:03 Scale Mail Armor
42:15 Forging
43:04 Heavy Plow
43:02 Murder Holes
43:25 Chain Mail Armor
43:16 Husbandry
44:00 Hand Cart
45:58 Gold Shaft Mining
48:12 Chemistry
48:22 Conscription
48:30 Elite Mangudai
48:45 Onager
50:24 Bracer
west2084
0:55 Loom
12:48 Feudal Age
14:20 Double-Bit Axe
14:18 Horse Collar
17:36 Wheelbarrow
23:37 Castle Age
24:13 Stone Mining
37:06 Imperial Age
35:12 Gold Mining
35:25 Heavy Plow
35:50 Bow Saw
35:58 Hand Cart
36:31 Ironclad
37:27 Forging
37:23 Scale Barding Armor
37:20 Scale Mail Armor
37:34 Bloodlines
37:45 Fortified Wall
38:16 Cavalier
39:19 Chain Barding Armor
39:36 Iron Casting
39:28 Conscription
39:42 Paladin
40:40 Chain Mail Armor
43:44 Blast Furnace
43:21 Plate Barding Armor
43:20 Plate Mail Armor
49:18 Chemistry
Noob Pooper
3:45 Loom
12:58 Feudal Age
13:06 Man-at-Arms
13:44 Double-Bit Axe
21:01 Castle Age
20:11 Bloodlines
22:35 Scale Barding Armor
23:12 Pikeman
24:57 Fletching
27:50 Husbandry
41:09 Imperial Age
42:41 Wheelbarrow
43:23 Gold Mining
43:31 Horse Collar
44:04 Scale Mail Armor
44:42 Cavalier
46:02 Squires
46:44 Forging
47:23 Conscription
48:47 Halberdier
51:27 Chemistry
Sylar
0:35 Loom
12:34 Feudal Age
21:21 Wheelbarrow
26:59 Castle Age
26:15 Double-Bit Axe
28:08 Hand Cart
27:56 Fletching
29:37 Squires
30:57 Town Watch
33:02 Bow Saw
36:29 Gold Mining
36:31 Stone Mining
36:34 Light Cavalry
38:07 Husbandry
40:41 Bodkin Arrow
40:57 Forging
45:47 Imperial Age
46:06 Ballistics
47:06 Bow Saw
48:06 Conscription
Nomisteak
6:21 Loom
10:22 Feudal Age
10:57 Double-Bit Axe
16:04 Horse Collar
20:50 Castle Age
21:11 Man-at-Arms
22:56 Forging
22:47 Scale Mail Armor
23:25 Squires
22:46 Long Swordsman
23:12 Arson
26:53 Wheelbarrow
26:42 Town Watch
26:38 Pikeman
28:30 Hand Cart
30:29 Bow Saw
33:13 Murder Holes
34:21 Chemistry
36:03 Chain Mail Armor
36:24 Iron Casting
37:11 Heavy Plow
39:00 Ballistics
38:21 Treadmill Crane
38:52 Masonry
42:57 Imperial Age
43:47 Houfnice
44:51 Conscription
43:52 Elite Hussite Wagon
44:26 Halberdier
51:28 Siege Engineers
51:54 Architecture
CrêpeCaramel
3:08 Loom
11:54 Feudal Age
12:24 Double-Bit Axe
12:22 Horse Collar
18:37 Wheelbarrow
21:51 Castle Age
23:39 Stone Mining
23:51 Heavy Plow
24:10 Bow Saw
26:20 Thumb Ring
26:16 Fletching
26:27 Padded Archer Armor
28:13 Bodkin Arrow
28:35 Leather Archer Armor
28:57 Elite Skirmisher
32:00 Scale Mail Armor
33:34 Pikeman
36:14 Bloodlines
36:47 Husbandry
39:25 Light Cavalry
41:58 Wheelbarrow
43:41 Great Wall
44:00 Town Watch
47:57 Forging
48:03 Chain Mail Armor
47:54 Scale Barding Armor
48:40 Stone Shaft Mining
48:00 Gold Mining
Connection lost

Rejoining the realm…

Still unreachable

The connection could not be restored.

Session expired

The server has moved on; the page needs a fresh start.